 Dungeon Crawl Stone Soup version 0.31-a0-175-g9f7f995f2b (webtiles) character file.

Game seed: 18440536543895190503

21925 qw the Cleaver (level 12, 0/77 HPs)
             Began as a Gargoyle Fighter on June 16, 2023.
             Was an Elder of Okawaru.
             Slain by a centaur warrior (2 damage)
             ... while paralysed by a great orb of eyes
             ... on level 12 of the Dungeon.
             The game lasted 00:05:31 (11405 turns).

qw the Cleaver (Gargoyle Fighter)                  Turns: 11405, Time: 00:05:32

Health: 0/77       AC: 43    Str: 24    XL:     12   Next: 95%
Magic:  18/19      EV:  2    Int: 10    God:    Okawaru [****..]
Gold:   1236       SH:  0    Dex:  9    Spells: 11/11 levels left

rFire   . . .        l - +4 war axe (protect)
rCold   . . .        c - +0 buckler
rNeg    + . .        w - +0 plate armour
rPois   inf          k - +2 helmet
rElec   +            i - +0 cloak
rCorr   .            (no gloves)
SInv    +            h - +1 pair of boots {rampage}
Will    .....        (no amulet) Stlth
                     m - +4 ring of protection
HPRegen 0.32/turn    a - ring of see invisible
MPRegen 0.16/turn

%: rampage
@: paralysed, heroic, under a protective aura
A: sickness immunity, AC +8, negative energy resistance 1, electricity
resistance, torment resistance 1, petrification resistance
a: Renounce Religion, Heroism, Finesse


You were on level 12 of the Dungeon.
You worshipped Okawaru.
Okawaru was greatly pleased with you.
You visited 1 branch of the dungeon, and saw 12 of its levels.

You collected 1362 gold pieces.
You spent 126 gold pieces at shops.


Innate Abilities, Weirdness & Mutations

You are immune to sickness and miasma.
Your stone body is resilient. (AC +8)
You are immune to poison.
You resist negative energy. (rN+)
You are resistant to electric shocks. (rElec)
You are resistant to unholy torment.
You are immune to petrification.


   Skills:
 - Level 10.0(15.0) Fighting
 - Level 13.1(18.1) Axes
 - Level 3.9(8.9) Throwing
 + Level 8.4(13.4) Armour
 - Level 2.0(7.0) Dodging
 - Level 6.0(11.0) Shields
 - Level 10.0 Invocations


You had 11 spell levels left.
You didn't know any spells.
Your spell library was empty.

Inventory:

Hand Weapons
 e - the +8 flail of qw's Doom {flame, rF+ MP+9 Dex-4}
   (You found it on level 8 of the Dungeon)

   Dex:       It affects your dexterity (-4).
   rF:        It protects you from fire.
   MP:        It affects your magic capacity (+9).
 l - a +4 war axe of protection (weapon)
 q - a +3 flail
Missiles
 o - 4 boomerangs (quivered)
Armour
 b - +0 acid dragon scales
 c - a +0 buckler (worn)
 h - a +1 pair of boots of rampaging (worn)
 i - a +0 cloak (worn)
 k - a +2 helmet (worn)
 r - the +0 scale mail of the Lair of Beasts {-Tele Harm Will+++ Regen+}
   (You found it on level 4 of the Dungeon)

   -Tele:     It prevents most forms of teleportation.
   Regen:     It increases your rate of health regeneration.
   Harm:      It increases damage dealt and taken.
   Will:      It greatly increases your willpower.
 w - a +0 plate armour (worn)
Jewellery
 a - a ring of see invisible (right hand)
 m - a +4 ring of protection (left hand)
 Y - a ring of protection from cold
Scrolls
 g - 5 scrolls of identify
 n - a scroll of teleportation
Potions
 d - 3 potions of might
 f - 5 potions of lignification
 p - a potion of resistance
 s - a potion of mutation
 t - a potion of curing
 u - 3 potions of cancellation

Dungeon Overview and Level Annotations

Branches:
Dungeon (12/15)            Temple (0/1) D:6            Lair (0/5) D:11
    Orc: D:9-12

Altars:
Ashenzari
Cheibriados
Fedhas
Hepliaklqana
Kikubaaqudgha
Makhleb
Okawaru
Qazlal
Sif Muna
Uskayaw
Vehumet
Yredelemnul
Zin
The Shining One

Shops:
D:8 ?   D:9 :

Annotations:
D:8 3 runed translucent doors, qw's ghost, novice GrHu


Message History

You hit the great orb of eyes but do no damage.
The tengu conjurer hits you. The tengu conjurer barely misses you.
The tengu conjurer closely misses you.
The great orb of eyes bites you but does no damage.
You miss the tengu conjurer.
The tengu conjurer is heavily wounded.
You closely miss the tengu conjurer. You hit the great orb of eyes.
The tengu conjurer hits you but does no damage.
The tengu conjurer misses you. You block the tengu conjurer's attack.
The tengu conjurer hits you but does no damage.
You block the tengu conjurer's attack.
The tengu conjurer completely misses you.
The great orb of eyes gazes at you.
You are confused.
11403 ||| DRINKING 2 potions of curing.
You feel better.
11403 ||| (to cure confusion)
The tengu conjurer casts a spell.
The tengu conjurer conjures a globe of magical energy!
The great orb of eyes gazes at you.
You suddenly lose the ability to move!
A battlesphere comes into view.
The tengu conjurer hits you but does no damage.
The tengu conjurer pecks you but does no damage.
The tengu conjurer claws you but does no damage.
The centaur warrior hits you but does no damage.
The centaur warrior kicks you but does no damage.
The great orb of eyes gazes at you.
Your mind is blasted!
Ouch! That really hurt!
The centaur warrior hits you.
The centaur warrior kicks you but does no damage.
The tengu conjurer hits you but does no damage.
The tengu conjurer pecks you but does no damage.
The tengu conjurer claws you but does no damage.
The great orb of eyes bites you!
The wizard casts a spell.
The wizard blinks!
The centaur warrior hits you but does no damage.
The centaur warrior kicks you.
You die...

#..... ¤# ..... .G
#[... #Q #... ##.
##.########### ..
##............. #Q
##..............
###J###..........<....
#.l¤c@..#.............
#..#GQ*.#.............
#..
##...########.....# ##
#.p.# #.....# #....#
#.....# .....# #.....#
+.....# #.....#
#.....# #.....#


You could see a great orb of eyes, a slime creature, a centaur warrior, a
wizard, a basilisk, a tengu conjurer and a battlesphere (distracted).

Vanquished Creatures
  A hydra (D:8)
  Erica (D:11)
  A catoblepas (D:11)
  6 two-headed ogres
  4 boulder beetles (D:11)
  A death knight (D:11)
  Pikel (D:6)
  5 cyclopes (D:11)
  2 gargoyles (D:11)
  3 unseen horrors
  A kobold demonologist (D:7)
  Maggie (D:6)
  2 komodo dragons
  A queen bee (D:9)
  A troll (D:11)
  A hornet (D:8)
  2 slime creatures (D:12)
  3 shadows (D:11)
  Sigmund (D:3)
  5 wyverns
  A vampire (D:11)
  A yak (D:11)
  A steam dragon (D:7)
  3 wraiths
  A redback (shapeshifter) (D:8)
  3 acid dragons
  2 orc warriors
  3 black bears
  4 ice beasts
  2 ogres (D:5)
  3 lemures (D:6)
  3 centaurs
  6 kobold brigands
  2 phantoms (D:5)
  5 bullfrogs
  8 wights
  33 killer bees
  4 howler monkeys
  7 crimson imps (D:8)
  3 jellies
  A hound (D:6)
  4 orc priests
  3 sleepcaps
  6 iguanas
  14 orc wizards
  3 gnolls (D:4)
  3 adders
  3 shadow imps
  5 white imps
  A worm (D:3)
  3 dart slugs
  21 orcs
  10 ball pythons
  8 endoplasms
  5 giant cockroaches
  8 goblins
  7 hobgoblins
  4 jackals (D:4)
  4 quokkas
  6 bats
  2 frilled lizards
  15 kobolds
  7 rats
  A spectral hobgoblin (D:7)
282 creatures vanquished.

Vanquished Creatures (others)
  A vampire mosquito (D:11)
1 creature vanquished.

Grand Total: 283 creatures vanquished

Notes
Turn   | Place    | Note
-------+----------+-------------------------------------------
     0 | D:1      | qw the Gargoyle Fighter began the quest for the Orb.
     0 | D:1      | Reached XP level 1. HP: 14/14 MP: 1/1
     0 | D:1      | 0 ||| qw: Version: 0.2-a-29-g511e9b1
     0 | D:1      | 0 ||| qw: Game counter: 5836
     0 | D:1      | 0 ||| qw: Always use a shield: true
     0 | D:1      | 0 ||| qw: God list: Okawaru
     0 | D:1      | 0 ||| qw: Allow faded altars: false
     0 | D:1      | 0 ||| qw: Do Orc after D:15 true
     0 | D:1      | 0 ||| qw: Do second Lair branch before Depths: true
     0 | D:1      | 0 ||| qw: Lair rune preference: random
     0 | D:1      | 0 ||| qw: Plans: Normal, Zot:1-4, Slime:5, God:TSO, Crypt,
                  | Tomb, Abyss, Pan, Hells, Win
     0 | D:1      | 0 ||| PLANNING D:1-11
    26 | D:1      | Reached skill level 2 in Axes
    73 | D:1      | Reached XP level 2. HP: 18/19 MP: 2/2
   368 | D:1      | 368 ||| Stepping ~*~*~tactically~*~*~ (stealth).
   397 | D:1      | Reached skill level 3 in Axes
   428 | D:1      | 428 ||| DROPPING +0 club.
   444 | D:1      | 444 ||| Stepping ~*~*~tactically~*~*~ (hiding).
   445 | D:1      | 445 ||| Stepping ~*~*~tactically~*~*~ (hiding).
   448 | D:1      | 448 ||| Stepping ~*~*~tactically~*~*~ (hiding).
   449 | D:1      | 449 ||| Stepping ~*~*~tactically~*~*~ (hiding).
   450 | D:1      | 450 ||| Stepping ~*~*~tactically~*~*~ (hiding).
   565 | D:1      | 565 ||| Stepping ~*~*~tactically~*~*~ (stealth).
   570 | D:1      | Reached XP level 3. HP: 23/23 MP: 3/3
   583 | D:1      | Found a faded altar of an unknown god.
   824 | D:1      | 824 ||| Stepping ~*~*~tactically~*~*~ (hiding).
  1065 | D:1      | 1065 ||| UPGRADING to +0 helmet.
  1070 | D:1      | 1070 ||| UPGRADING to ring of protection from cold.
  1071 | D:1      | 1071 ||| READING scroll labelled NED HUEFRISH.
  1072 | D:1      | 1072 ||| READING 3 scrolls labelled COUFFO SESKUPN.
  1073 | D:1      | 1073 ||| READING scroll labelled ATOJOQ FYTEY.
  1073 | D:1      | Identified a scroll of acquirement
  1073 | D:1      | 1073 ||| ACQUIRING 738 gold pieces
  1073 | D:1      | Acquired 738 gold pieces
  1075 | D:1      | 1075 ||| READING scroll labelled SUFFEOC REE.
  1076 | D:1      | 1076 ||| READING 3 scrolls labelled EWEDWUF UHETU.
  1077 | D:1      | 1077 ||| READING 2 scrolls of enchant weapon.
  1077 | D:1      | 1077 ||| ENCHANTING +1 war axe.
  1078 | D:1      | 1078 ||| READING scroll of enchant weapon.
  1078 | D:1      | 1078 ||| ENCHANTING +2 war axe.
  1079 | D:1      | 1079 ||| READING scroll labelled WUSCHU PATOPU.
  1080 | D:1      | 1080 ||| READING scroll labelled UTEHUU GEMPIULEI.
  1081 | D:1      | 1081 ||| DRINKING 2 purple potions.
  1082 | D:1      | 1082 ||| READING 2 scrolls of identify.
  1082 | D:1      | 1082 ||| IDENTIFYING fizzy inky potion
  1083 | D:1      | 1083 ||| DROPPING potion of enlightenment.
  1419 | D:2      | 1419 ||| Stepping ~*~*~tactically~*~*~ (hiding).
  2174 | D:2      | 2174 ||| UPGRADING to +0 pair of boots of rampaging.
  2179 | D:2      | 2179 ||| READING scroll labelled MOAM ZANLOUMY MYLI.
  2180 | D:2      | 2180 ||| READING scroll labelled ETHOJEMM KENUN.
  2181 | D:2      | 2181 ||| READING 2 scrolls of identify.
  2181 | D:2      | 2181 ||| IDENTIFYING bubbling amethyst potion
  2406 | D:3      | 2406 ||| Stepping ~*~*~tactically~*~*~ (stealth).
  2412 | D:3      | Reached XP level 4. HP: 28/28 MP: 4/4
  2414 | D:3      | Reached skill level 1 in Throwing
  2434 | D:3      | 2434 ||| READING scroll of enchant armour.
  2434 | D:3      | 2434 ||| ENCHANTING +0 helmet.
  2613 | D:3      | Identified the +3 robe of the Sunfish {rN+}
  2651 | D:3      | Noticed Sigmund
  2662 | D:3      | Killed Sigmund
  2663 | D:3      | Reached skill level 5 in Axes
  2663 | D:3      | Reached XP level 5. HP: 19/32 MP: 5/5
  2663 | D:3      | Reached XP level 6. HP: 22/37 MP: 6/6
  2765 | D:3      | 2765 ||| Stepping ~*~*~tactically~*~*~ (stealth).
  3305 | D:4      | Noticed a +0 dagger
  3305 | D:4      | Noticed a +0 short sword
  3305 | D:4      | Noticed a +0 dagger
  3306 | D:4      | Noticed a +0 falchion
  3308 | D:4      | Noticed a +0 spear
  3309 | D:4      | Noticed a +0 falchion
  3309 | D:4      | Noticed a +0 short sword
  3317 | D:4      | Noticed a +0 spear
  3324 | D:4      | Found a hide-covered altar of Uskayaw.
  3359 | D:4      | 3359 ||| Stepping ~*~*~tactically~*~*~ (stealth).
  3366 | D:4      | Identified the +0 scale mail of the Lair of Beasts {-Tele
                  | Harm Will+++ Regen+}
  3386 | D:4      | 3386 ||| DROPPING +0 whip.
  3533 | D:4      | Found an iron altar of Okawaru.
  3534 | D:4      | 3534 ||| PLANNING OKAWARU WORSHIP
  3541 | D:4      | 3541 ||| FLEEEEING.
  3542 | D:4      | 3542 ||| FLEEEEING.
  3543 | D:4      | 3543 ||| FLEEEEING.
  3544 | D:4      | 3544 ||| FLEEEEING.
  3545 | D:4      | 3545 ||| FLEEEEING.
  3557 | D:4      | 3557 ||| UPGRADING to +0 cloak.
  3562 | D:4      | 3562 ||| READING scroll labelled KIPA UTAMOUM.
  3563 | D:4      | 3563 ||| READING scroll labelled EXUKLE LIEKYS.
  3568 | D:4      | 3568 ||| READING scroll labelled PEATOA TIYSIULI.
  3569 | D:4      | 3569 ||| DRINKING 2 bubbling sapphire potions.
  3645 | D:4      | Became a worshipper of Warmaster Okawaru
  3646 | D:4      | 3646 ||| PLANNING D:1-11
  3841 | D:4      | 3841 ||| Stepping ~*~*~tactically~*~*~ (hiding).
  3885 | D:4      | 3885 ||| DROPPING +0 mace.
  3950 | D:4      | 3950 ||| Stepping ~*~*~tactically~*~*~ (hiding).
  3951 | D:4      | 3951 ||| Stepping ~*~*~tactically~*~*~ (hiding).
  3960 | D:4      | Reached skill level 1 in Dodging
  3962 | D:4      | 3962 ||| FLEEEEING.
  3968 | D:4      | 3968 ||| FLEEEEING.
  4358 | D:4      | 4358 ||| UPGRADING to +0 chain mail.
  4368 | D:4      | 4368 ||| DROPPING +0 scale mail.
  4369 | D:4      | 4369 ||| READING scroll labelled MAIDAS PIOMYLU.
  4370 | D:4      | 4370 ||| DRINKING 2 smoky dark potions.
  4407 | D:5      | Entered Level 5 of the Dungeon
  4418 | D:5      | Noticed a black bear
  4421 | D:5      | Killed a black bear
  4422 | D:5      | Reached XP level 7. HP: 43/43 MP: 7/7
  4471 | D:5      | Reached skill level 6 in Axes
  4488 | D:5      | Reached * piety under Okawaru
  4503 | D:5      | 4503 ||| Stepping ~*~*~tactically~*~*~ (stealth).
  4504 | D:5      | 4504 ||| Stepping ~*~*~tactically~*~*~ (stealth).
  4512 | D:5      | Reached skill level 1 in Invocations
  4594 | D:5      | 4594 ||| DROPPING +2 hand axe of electrocution.
  4663 | D:5      | Reached skill level 7 in Axes
  4709 | D:5      | Reached XP level 8. HP: 44/48 MP: 8/10
  4928 | D:5      | Found a stormy altar of Qazlal.
  4931 | D:5      | 4931 ||| READING scroll labelled ZIKOKK DELOAH.
  4968 | D:6      | Noticed Pikel
  4969 | D:6      | 4969 ||| INVOKING Heroism.
  4985 | D:6      | Killed Pikel
  4985 | D:6      | Reached ** piety under Okawaru
  5033 | D:6      | Noticed Maggie
  5040 | D:6      | Killed Maggie
  5041 | D:6      | Reached XP level 9. HP: 51/55 MP: 12/12
  5069 | D:6      | 5069 ||| Stepping ~*~*~tactically~*~*~ (stealth).
  5077 | D:6      | 5077 ||| Stepping ~*~*~tactically~*~*~ (hiding).
  5079 | D:6      | 5079 ||| Stepping ~*~*~tactically~*~*~ (hiding).
  5096 | D:6      | 5096 ||| Stepping ~*~*~tactically~*~*~ (stealth).
  5181 | D:6      | 5181 ||| Stepping ~*~*~tactically~*~*~ (hiding).
  5198 | D:6      | 5198 ||| FLEEEEING.
  5199 | D:6      | 5199 ||| FLEEEEING.
  5200 | D:6      | 5200 ||| FLEEEEING.
  5271 | D:6      | 5271 ||| Stepping ~*~*~tactically~*~*~ (hiding).
  5272 | D:6      | 5272 ||| Stepping ~*~*~tactically~*~*~ (hiding).
  5331 | D:6      | Found a snail-covered altar of Cheibriados.
  5372 | D:6      | Reached skill level 8 in Axes
  5470 | D:6      | 5470 ||| INVOKING Heroism.
  5472 | D:6      | Reached skill level 6 in Fighting
  5620 | D:6      | Found a staircase to the Ecumenical Temple.
  6035 | D:6      | Found a basalt altar of Yredelemnul.
  6037 | D:6      | 6037 ||| DRINKING 2 cyan potions.
  6077 | D:7      | 6077 ||| INVOKING Heroism.
  6093 | D:7      | Noticed a kobold demonologist
  6104 | D:7      | Killed a kobold demonologist
  6105 | D:7      | Reached skill level 9 in Axes
  6106 | D:7      | Reached *** piety under Okawaru
  6132 | D:7      | 6132 ||| Stepping ~*~*~tactically~*~*~ (stealth).
  6139 | D:7      | 6139 ||| Stepping ~*~*~tactically~*~*~ (stealth).
  6140 | D:7      | 6140 ||| Stepping ~*~*~tactically~*~*~ (stealth).
  6141 | D:7      | 6141 ||| Stepping ~*~*~tactically~*~*~ (stealth).
  6278 | D:7      | 6278 ||| INVOKING Heroism.
  6397 | D:7      | 6397 ||| INVOKING Heroism.
  6519 | D:7      | Reached XP level 10. HP: 63/63 MP: 13/13
  6524 | D:7      | 6524 ||| DROPPING +0 flail.
  6591 | D:7      | 6591 ||| Stepping ~*~*~tactically~*~*~ (stealth).
  6596 | D:7      | Reached skill level 10 in Axes
  6602 | D:7      | Reached skill level 6 in Armour
  6719 | D:7      | Found a hazy altar of Hepliaklqana.
  6810 | D:7      | 6810 ||| READING 2 scrolls labelled CUUKHARHENA.
  6811 | D:7      | 6811 ||| READING 2 scrolls of identify.
  6811 | D:7      | 6811 ||| IDENTIFYING metallic red potion
  6812 | D:7      | 6812 ||| DROPPING potion of brilliance.
  6813 | D:7      | 6813 ||| DROPPING scroll of blinking.
  6847 | D:8      | 6847 ||| STAIRDANCE
  6911 | D:8      | 6911 ||| Stepping ~*~*~tactically~*~*~ (stealth).
  6913 | D:8      | 6913 ||| Stepping ~*~*~tactically~*~*~ (hiding).
  6952 | D:8      | Found a broken altar of Ashenzari.
  6956 | D:8      | Found a radiant altar of Vehumet.
  6957 | D:8      | Found a glowing silver altar of Zin.
  6957 | D:8      | Found a burning altar of Makhleb.
  6970 | D:8      | Found Hoqexi's Magic Scroll Boutique.
  7028 | D:8      | Reached **** piety under Okawaru
  7057 | D:8      | 7057 ||| BUYING scroll of identify (30 gold).
  7057 | D:8      | Bought a scroll of identify for 30 gold pieces
  7057 | D:8      | 7057 ||| BUYING scroll of identify (30 gold).
  7057 | D:8      | Bought a scroll of identify for 30 gold pieces
  7057 | D:8      | 7057 ||| BUYING scroll of identify (30 gold).
  7057 | D:8      | Bought a scroll of identify for 30 gold pieces
  7117 | D:8      | 7117 ||| READING scroll of enchant armour.
  7117 | D:8      | 7117 ||| ENCHANTING +1 helmet.
  7186 | D:8      | You fall into a shaft and drop 2 floors!
  7186 | D:10     | Entered Level 10 of the Dungeon
  7300 | D:10     | Found a glowing golden altar of the Shining One.
  7341 | D:10     | 7341 ||| READING scroll labelled FORCHOT AVUUL.
  7382 | D:10     | 7382 ||| READING 4 scrolls of identify.
  7382 | D:10     | 7382 ||| IDENTIFYING fuming ruby potion
  7400 | D:9      | Killed an unseen horror
  7408 | D:8      | 7408 ||| Stepping ~*~*~tactically~*~*~ (hiding).
  7411 | D:8      | Reached skill level 6 in Invocations
  7497 | D:8      | 7497 ||| READING scroll of enchant weapon.
  7497 | D:8      | 7497 ||| ENCHANTING +3 war axe of draining.
  7538 | D:8      | 7538 ||| Stepping ~*~*~tactically~*~*~ (stealth).
  7542 | D:8      | 7542 ||| Stepping ~*~*~tactically~*~*~ (stealth).
  7554 | D:8      | Reached ***** piety under Okawaru
  7600 | D:8      | Noticed a four-headed hydra
  7601 | D:8      | 7601 ||| Stepping ~*~*~tactically~*~*~ (hiding).
  7602 | D:8      | 7602 ||| INVOKING Heroism.
  7603 | D:8      | 7603 ||| SWAPPING to +3 flail.
  7604 | D:8      | Noticed a two-headed ogre
  7611 | D:8      | HP: 11/64 [four-headed hydra (10)]
  7612 | D:8      | 7612 ||| READING scroll of teleportation.
  7612 | D:8      | HP: 4/64 [four-headed hydra (7)]
  7613 | D:8      | 7613 ||| DRINKING 2 potions of heal wounds.
  7615 | D:8      | 7615 ||| DRINKING potion of heal wounds.
  7616 | D:8      | 7616 ||| Stepping ~*~*~tactically~*~*~ (hiding).
  7623 | D:8      | Noticed a two-headed ogre
  7624 | D:8      | 7624 ||| Stepping ~*~*~tactically~*~*~ (stealth).
  7625 | D:8      | 7625 ||| Stepping ~*~*~tactically~*~*~ (stealth).
  7664 | D:8      | 7664 ||| FLEEEEING.
  7666 | D:8      | 7666 ||| FLEEEEING.
  7667 | D:8      | 7667 ||| FLEEEEING.
  7668 | D:8      | 7668 ||| FLEEEEING.
  7670 | D:8      | 7670 ||| FLEEEEING.
  7671 | D:8      | 7671 ||| FLEEEEING.
  7672 | D:8      | 7672 ||| FLEEEEING.
  7673 | D:8      | 7673 ||| FLEEEEING.
  7674 | D:8      | 7674 ||| STAIRDANCE
  7715 | D:7      | 7715 ||| UPGRADING to +1 war axe of electrocution.
  7716 | D:7      | 7716 ||| UPGRADING to +4 war axe of draining.
  7746 | D:8      | 7746 ||| INVOKING Heroism.
  7749 | D:8      | 7749 ||| SWAPPING to +3 flail.
  7761 | D:8      | Killed a four-headed hydra
  7837 | D:8      | Noticed a guardian serpent
  7838 | D:8      | 7838 ||| Stepping ~*~*~tactically~*~*~ (stealth).
  7842 | D:8      | a guardian serpent changed into a redback
  7849 | D:8      | Reached XP level 11. HP: 59/68 MP: 16/16
  7876 | D:8      | 7876 ||| UPGRADING to +1 war axe of electrocution.
  7877 | D:8      | 7877 ||| UPGRADING to +4 war axe of draining.
  7919 | D:8      | Found a runed translucent gate.
  7924 | D:8      | 7924 ||| INVOKING Heroism.
  7933 | D:8      | Killed a two-headed ogre
  7934 | D:8      | Reached skill level 11 in Axes
  7981 | D:8      | Identified the +8 flail of qw's Doom {flame, rF+ MP+9
                  | Dex-4}
  8095 | D:8      | Found a runed translucent gate.
  8095 | D:8      | Found a runed translucent gate.
  8095 | D:8      | Noticed qw's ghost (novice GrHu)
  8146 | D:8      | Found an ancient bone altar of Kikubaaqudgha.
  8255 | D:8      | 8255 ||| UPGRADING to ring of see invisible.
  8256 | D:8      | 8256 ||| READING 5 scrolls of identify.
  8256 | D:8      | 8256 ||| IDENTIFYING bubbling blue potion
  8257 | D:8      | 8257 ||| DROPPING potion of ambrosia.
  8292 | D:8      | 8292 ||| INVOKING Heroism.
  8296 | D:8      | Killed a two-headed ogre
  8405 | D:9      | 8405 ||| READING scroll of enchant armour.
  8405 | D:9      | 8405 ||| ENCHANTING +0 pair of boots of rampaging.
  8440 | D:9      | Found a shimmering blue altar of Sif Muna.
  8455 | D:9      | 8455 ||| INVOKING Heroism.
  8486 | D:9      | 8486 ||| INVOKING Heroism.
  8581 | D:9      | 8581 ||| READING scroll of brand weapon.
  8581 | D:9      | 8581 ||| BRANDING +4 war axe of draining.
  8582 | D:9      | 8582 ||| DROPPING +1 war axe of electrocution.
  8605 | D:9      | Found Nezufrai's Book Emporium.
  8638 | D:9      | 8638 ||| INVOKING Heroism.
  8642 | D:9      | 8642 ||| DRINKING potion of curing.
  8642 | D:9      | 8642 ||| (to cure confusion)
  8646 | D:9      | Reached skill level 9 in Invocations
  8846 | D:9      | 8846 ||| Stepping ~*~*~tactically~*~*~ (hiding).
  8847 | D:9      | 8847 ||| Stepping ~*~*~tactically~*~*~ (hiding).
  9061 | D:9      | 9061 ||| Stepping ~*~*~tactically~*~*~ (stealth).
  9083 | D:9      | 9083 ||| DROPPING scarf of shadows.
  9084 | D:9      | 9084 ||| UPGRADING to +4 ring of protection.
  9315 | D:10     | Noticed a two-headed ogre
  9316 | D:10     | 9316 ||| INVOKING Heroism.
  9324 | D:10     | Killed a two-headed ogre
  9366 | D:10     | Reached skill level 3 in Throwing
  9407 | D:10     | 9407 ||| INVOKING Heroism.
  9443 | D:10     | Reached skill level 9 in Fighting
  9478 | D:10     | Identified the +5 quarterstaff "Seblostr Esuq" {vamp,
                  | Contam Str+7}
  9704 | D:10     | Found a blossoming altar of Fedhas.
  9824 | D:11     | 9824 ||| Stepping ~*~*~tactically~*~*~ (stealth).
  9935 | D:11     | Noticed a cyclops
  9936 | D:11     | 9936 ||| INVOKING Heroism.
  9943 | D:11     | Killed a cyclops
  9943 | D:11     | Received a gift from Okawaru
  9945 | D:11     | Identified the +9 hand axe "Killer Bee's Foe" {freeze,
                  | rPois rC- Str+5 Int+3 Dex+3}
 10051 | D:11     | Noticed a boulder beetle
 10051 | D:11     | Noticed a two-headed ogre
 10052 | D:11     | 10052 ||| Stepping ~*~*~tactically~*~*~ (stealth).
 10053 | D:11     | Noticed a cyclops
 10054 | D:11     | 10054 ||| Stepping ~*~*~tactically~*~*~ (hiding).
 10055 | D:11     | 10055 ||| INVOKING Heroism.
 10056 | D:11     | 10056 ||| INVOKING Finesse.
 10064 | D:11     | Killed a two-headed ogre
 10082 | D:11     | Killed a cyclops
 10083 | D:11     | Reached XP level 12. HP: 69/76 MP: 13/19
 10083 | D:11     | Noticed a boulder beetle
 10084 | D:11     | 10084 ||| Stepping ~*~*~tactically~*~*~ (stealth).
 10095 | D:11     | Killed a boulder beetle
 10095 | D:11     | Noticed a death knight
 10111 | D:11     | Killed a death knight
 10121 | D:11     | Killed a boulder beetle
 10121 | D:11     | Noticed a two-headed ogre
 10122 | D:11     | Reached skill level 12 in Axes
 10122 | D:11     | 10122 ||| Stepping ~*~*~tactically~*~*~ (hiding).
 10132 | D:11     | Noticed a catoblepas
 10140 | D:11     | Killed a two-headed ogre
 10141 | D:11     | Reached skill level 6 in Shields
 10149 | D:11     | Noticed Erica
 10160 | D:11     | Killed a catoblepas
 10169 | D:11     | Noticed a two-headed ogre
 10180 | D:11     | Killed Erica
 10185 | D:11     | Killed a two-headed ogre
 10197 | D:11     | 10197 ||| FLEEEEING.
 10198 | D:11     | 10198 ||| FLEEEEING.
 10199 | D:11     | 10199 ||| FLEEEEING.
 10213 | D:11     | 10213 ||| INVOKING Heroism.
 10380 | D:11     | Identified the +3 shortbow "Grim" {flame, rElec}
 10381 | D:11     | Noticed a boulder beetle
 10382 | D:11     | 10382 ||| INVOKING Heroism.
 10383 | D:11     | 10383 ||| INVOKING Finesse.
 10407 | D:11     | Killed a boulder beetle
 10408 | D:11     | Reached skill level 13 in Axes
 10750 | D:11     | Found a staircase to the Lair.
 10758 | D:11     | 10758 ||| INVOKING Heroism.
 10797 | D:11     | Noticed a boulder beetle
 10798 | D:11     | 10798 ||| INVOKING Heroism.
 10808 | D:11     | Killed a boulder beetle
 10894 | D:11     | 10894 ||| Stepping ~*~*~tactically~*~*~ (stealth).
 10895 | D:11     | 10895 ||| Stepping ~*~*~tactically~*~*~ (stealth).
 11193 | D:11     | Found Arghen's CLEARANCE SALE!.
 11196 | D:11     | 11196 ||| BUYING potion of curing (18 gold).
 11196 | D:11     | Bought a potion of curing for 18 gold pieces
 11196 | D:11     | 11196 ||| BUYING potion of curing (18 gold).
 11196 | D:11     | Bought a potion of curing for 18 gold pieces
 11319 | D:11     | 11319 ||| UPGRADING to +0 plate armour.
 11329 | D:11     | 11329 ||| DROPPING +0 chain mail.
 11330 | D:11     | 11330 ||| DROPPING +0 helmet of intelligence.
 11331 | D:11     | 11331 ||| READING 6 scrolls of identify.
 11331 | D:11     | 11331 ||| IDENTIFYING emerald potion
 11332 | D:11     | 11332 ||| DROPPING potion of invisibility.
 11381 | D:12     | Noticed a great orb of eyes
 11382 | D:12     | 11382 ||| Stepping ~*~*~tactically~*~*~ (hiding).
 11394 | D:12     | 11394 ||| DRINKING 3 potions of curing.
 11394 | D:12     | 11394 ||| (to cure confusion)
 11397 | D:12     | Noticed a centaur warrior
 11400 | D:12     | 11400 ||| INVOKING Heroism.
 11403 | D:12     | 11403 ||| DRINKING 2 potions of curing.
 11403 | D:12     | 11403 ||| (to cure confusion)
 11403 | D:12     | Paralysed by a great orb of eyes for 5 turns
 11404 | D:12     | HP: 13/77 [disintegration (40)]
 11405 | D:12     | HP: 2/77 [great orb of eyes (9)]
 11405 | D:12     | Slain by a centaur warrior

Levels and vault maps discovered:
D:1:      dpeg_arrival_castle, layout_basic, serial_rivers,
          chequers_serial_rivers_room_b, chequers_serial_rivers_large_b,
          chequers_serial_rivers_small_b, chequers_serial_rivers_room_b,
          chequers_serial_rivers_small_a, chequers_serial_rivers_room_b,
          shapermc_ecumenical_altar_flowoftime, minmay_split_cup_large
D:2:      layout_basic, serial_bayou_lake_a
D:3:      layout_loops_corners, bh_walls_and_bars, uniq_sigmund
D:4:      layout_basic, nicolae_uskayaw_en_pointe, mainiacjoe_overflow_catwalk,
          chequers_arboretum
D:5:      layout_rooms, nicolae_qazlal_eye_of_the_storm
D:6:      minmay_flawed_box, layout_loops_corners, general_overflow_altar,
          overflow_temple_1_default, temple_doors_e, uniq_maggie, uniq_pikel
D:7:      layout_loops_cross, nicolae_hepliaklqana_monster_ancestors
D:8:      minmay_ornate_pinched, layout_rooms, kiku_gazebo_garden_becter,
          grunt_temple_overflow_open, gammafunk_ghost_nasty_kobolds,
          serial_shops, nicolae_shop_crystal, minmay_nine_imps
D:9:      layout_roguey, nicolae_sif_muna_condensation, special_room
          [special_room_bee], serial_shops, nicolae_shop_tiny_statue_garden
D:10:     layout_basic, mainiacjoe_overflow_24_doors, tso_metal_star,
          minmay_liquid_box, chequers_serial_rivers_micro_c
D:11:     nzn_winding_woodlands_cross [nzn_winding_woodlands_5x15_sidewinder,
          nzn_winding_woodlands_5x15_pool, nzn_winding_woodlands_5x15_zeroes,
          nzn_winding_woodlands_5x15_split_checker,
          nzn_winding_woodlands_15x15_five_gardens], layout_loops_cross,
          david_lair_shrubbed, nicolae_shop_clearance, uniq_erica
D:12:     minmay_the_grid_octo_triangle [minmay_the_grid_octo_tetromino_candy,
          minmay_the_grid_octo_prize_square_snowflake, minmay_the_grid_octo_77],
          layout_gridville, orc_0_dummy, uniq_frances

Skill      XL: |  1  2  3  4  5  6  7  8  9 10 11 12 |
---------------+-------------------------------------+-----
Axes           | 2 3 5 7 9 10 11 13 | 13.1
Throwing       | 1 3 |  3.9
Fighting       | 4 5 7 8 9 10 | 10.0
Dodging        | 1 2 |  2.0
Invocations    | 2 4 7 10 | 10.0
Armour         | 5 6 7 8 |  8.4
Shields        | 4 5 6 |  6.0

Action                     |  1- 3 |  4- 6 |  7- 9 | 10-12 || total
---------------------------+-------+-------+-------+-------++-------
  Melee: War axe           |    96 |    88 |   166 |   487 ||   837
         Flail             |       |       |       |    30 ||    30
  Throw: Javelin           |     8 |    25 |     6 |    28 ||    67
         Boomerang         |       |     9 |    47 |    52 ||   108
 Invoke: Heroism           |       |       |     5 |    16 ||    21
         Finesse           |       |       |       |     2 ||     2
    Use: Scroll            |    13 |     5 |     1 |    11 ||    30
         Potion            |     1 |     2 |     1 |     5 ||     9
   Stab: Petrified         |       |       |       |     5 ||     5
         Petrifying        |       |       |       |     1 ||     1
 Armour: Scale mail        |    50 |    35 |       |       ||    85
         Chain mail        |       |     1 |   103 |   327 ||   431
         Plate armour      |       |       |       |    35 ||    35
  Dodge: Dodged            |    29 |    40 |    42 |   206 ||   317
  Block: Buckler           |    18 |    18 |    24 |   107 ||   167

Table legend:
 A = Non-vault XP
 B = Vault XP
 C = Vault XP percentage of total XP
 D = Non-vault monster count
 E = Vault monster count
 F = Vault count percentage of total count
                 A         B        C        D         E       F
            +---------+---------+-------+---------+---------+-------
      Total |   13470 |   17852 |  57.0 |     196 |      84 |  30.0
            +---------+---------+-------+---------+---------+-------
        D:1 |      45 |       5 |  10.0 |      25 |       4 |  13.8
        D:2 |      15 |       0 |   0.0 |       8 |       0 |   0.0
        D:3 |      86 |     214 |  71.3 |      24 |       1 |   4.0
        D:4 |     186 |       0 |   0.0 |      23 |       0 |   0.0
        D:5 |     755 |       0 |   0.0 |       7 |       0 |   0.0
        D:6 |     510 |    1296 |  71.8 |      15 |      10 |  40.0
        D:7 |    2520 |       3 |   0.1 |      31 |       2 |   6.1
        D:8 |    1226 |    3751 |  75.4 |      17 |      23 |  57.5
        D:9 |     934 |    1476 |  61.2 |      14 |      20 |  58.8
       D:10 |    2655 |       0 |   0.0 |      13 |       0 |   0.0
       D:11 |    4070 |   11107 |  73.2 |      17 |      24 |  58.5
       D:12 |     468 |       0 |   0.0 |       2 |       0 |   0.0
            +---------+---------+-------+---------+---------+-------
